 Dungeon Crawl Stone Soup version 0.31-a0-473-g61b50ae490 (webtiles) character file.

Game seed: 18425292874717537410

1578 Elsrick the Ruffian (level 8, 0/54 HPs)
             Began as an Octopode Fighter on Aug 6, 2023.
             Was an Initiate of Hepliaklqana.
             Slain by a shadow (18 damage)
             ... on level 7 of the Dungeon.
             The game lasted 00:15:44 (4582 turns).

Elsrick the Ruffian (Octopode Fighter)              Turns: 4582, Time: 00:15:44

Health: 0/54       AC:  5    Str: 15    XL:     8   Next: 91%
Magic:  8/8        EV: 14    Int: 11    God:    Hepliaklqana [......]
Gold:   230        SH:  5    Dex: 13    Spells: 7/7 levels left

rFire   . .          .
                       - Unarmed
rCold   . . .        a - +0 buckler
rNeg    . . .        (helmet restricted)
rPois   .            (no amulet)
rElec   .            q - +4 ring of protection
rCorr   .            (no ring)
SInv    .            (no ring)
Will    .....        (no ring)
Stlth   ++++         (no ring)
HPRegen 0.29/turn    (no ring)
MPRegen 0.11/turn    (no ring)
                     (no ring)

%: no passive effects
@: no status effects
A: almost no armour, amphibious, 8 rings, camouflage 1, gelatinous body 1,
(nimble swimmer 1), tentacles
a: Renounce Religion


You were on level 7 of the Dungeon.
You worshipped Hepliaklqana.
Hepliaklqana was noncommittal.
You visited 2 branches of the dungeon, and saw 8 of its levels.

You collected 230 gold pieces.

Inventory:

Hand Weapons
 w - a +3 trident
Missiles
 h - 11 poisoned darts
Armour
 a - a +0 buckler (worn)
Jewellery
 q - a +4 ring of protection (left tentacle)
 y - a ring of fire
Wands
 u - a wand of mindburst (13)
Scrolls
 c - 3 scrolls of identify {unknown}
 d - a scroll of fear {unknown}
 e - 2 scrolls of teleportation {unknown}
 f - a scroll of amnesia
 i - a scroll of revelation {unknown}
 m - 2 scrolls of noise {unknown}
 o - a scroll of vulnerability
 p - a scroll of enchant armour {unknown}
 r - a scroll of fog {unknown}
 t - a scroll of blinking {unknown}
 x - 2 scrolls of immolation {unknown}
 z - a scroll of poison {unknown}
 A - a scroll of torment {unknown}
 B - a scroll of brand weapon {unknown}
Potions
 b - 2 potions of might
 g - 3 potions of curing {unknown}
 j - 2 potions of attraction {unknown}
 k - 2 potions of ambrosia {unknown}
 l - a potion of invisibility {unknown}
 n - a potion of mutation {unknown}
 s - 2 potions of cancellation {unknown}
 v - a potion of brilliance {unknown}


   Skills:
 + Level 4.1 Fighting
 + Level 5.3 Dodging
 + Level 6.9 Stealth
 + Level 4.2 Shields
 + Level 7.7 Unarmed Combat


You had 7 spell levels left.
You didn't know any spells.
Your spell library contained the following spells:

 Spells                   Type           Power      Damage    Failure   Level
 Apportation              Tloc           0%         N/A       41%         1
 Freeze                   Ice            0%         1d3       41%         1
 Shock                    Conj/Air       0%         1d3       41%         1
 Cigotuvi's Dreadful Rot  Necr/Pois/Air  0%         N/A       56%         2
 Frozen Ramparts          Ice            0%         1d1       80%         3
 Hailstorm                Conj/Ice       0%         3d3       80%         3
 Ignite Poison            Fire/Tmut/Pois 0%         N/A       80%         3
 Portal Projectile        Hex/Tloc       0%         N/A       80%         3
 Swiftness                Air            0%         N/A       80%         3
 Tukima's Dance           Hex            0%         N/A       80%         3
 Airstrike                Air            0%         2d(0-16)  99%         4
 Dispel Undead            Necr           0%         3d6       99%         4
 Iskenderun's Mystic Bla  Conj/Tloc      0%         2d3       99%         4
 Sticky Flame             Conj/Fire      0%         2d3       99%         4
 Alistair's Intoxication  Tmut/Pois      0%         N/A       100%        5
 Death Channel            Necr           0%         N/A       100%        6
 Ignition                 Fire           0%         3d3       100%        8


Dungeon Overview and Level Annotations

Branches:
Dungeon (7/15)             Temple (1/1) D:7

Altars:
Cheibriados
Dithmenos
Elyvilon
Gozag
Hepliaklqana
Makhleb
Qazlal
Ru
Sif Muna
Trog
Uskayaw
Vehumet
Xom
Yredelemnul
Zin
The Shining One

Annotations:
D:4 Pikel


Innate Abilities, Weirdness & Mutations

You cannot wear most types of armour.
You are amphibious.
You can wear up to eight rings at the same time.
Your skin changes colour to match your surroundings (Stealth+).
Your rubbery body absorbs attacks. (AC +1, EV +1)
((You are camouflaged when in or above water. (Stealth+)))
You have tentacles for arms and can constrict up to eight enemies at once.


Message History

The shadow slips into darkness.
The shadow flickers and vanishes!
Deactivating autopickup; reactivate with Ctrl-A.
You barely miss something.
The shadow strikes at you from the darkness!
Reactivating autopickup.
You barely miss the shadow.
The shadow slips into darkness.
The shadow flickers and vanishes!
Deactivating autopickup; reactivate with Ctrl-A.
You barely miss something. You miss something. You tentacle-slap something.
The shadow strikes at you from the darkness!
Ouch! That really hurt!
Reactivating autopickup.
You bludgeon the shadow!
The shadow is moderately damaged.
The shadow closely misses you.
You tentacle-slap the shadow but do no damage.
Your squeeze misses the shadow.
The shadow is moderately damaged.
The shadow closely misses you.
You tentacle-slap the shadow but do no damage.
The shadow is moderately damaged.
The shadow hits you.
You barely miss the shadow. You squeeze the shadow.
The shadow is moderately damaged.
The shadow barely misses you.
You tentacle-slap the shadow.
The shadow is moderately damaged.
The shadow hits you.
You tentacle-slap the shadow but do no damage.
You tentacle-slap the shadow.
The shadow is heavily damaged.
The shadow slips into darkness.
The shadow flickers and vanishes!
Deactivating autopickup; reactivate with Ctrl-A.
You tentacle-slap something.
The shadow strikes at you from the darkness!
You die...

#### #.# #...#####.#
#....<..#.#
#..{@...#.# ####
#.........### ....
#...........## .....
#.........#..##....
#..................
#########.....######
###.[.......
#...#.#.#. #######.#
..


There were no monsters in sight!

Vanquished Creatures
  A gargoyle (D:7)
  A black bear (D:6)
  An ice beast (D:6)
  A sky beast (D:7)
  A lemure (D:4)
  An ogre (D:5)
  A centaur (D:6)
  A phantom (D:5)
  A bullfrog (D:7)
  6 hounds
  A jelly (D:6)
  2 orc priests
  5 iguanas
  2 orc wizards (D:7)
  A sleepcap (D:5)
  Natasha (D:2)
  5 adders
  7 gnolls
  A white imp (D:6)
  An ufetubus (D:4)
  3 worms
  2 dart slugs
  14 orcs
  6 endoplasms
  2 giant cockroaches
  4 goblins
  3 hobgoblins
  3 jackals (D:3)
  3 quokkas
  5 ball pythons
  2 bats
  5 frilled lizards
  6 kobolds
  6 rats
  A spectral goblin (D:3)
106 creatures vanquished.

Notes
Turn   | Place    | Note
-------+----------+-------------------------------------------
     0 | D:1      | Elsrick the Octopode Fighter began the quest for the Orb.
     0 | D:1      | Reached XP level 1. HP: 16/16 MP: 1/1
    85 | D:1      | Reached XP level 2. HP: 16/21 MP: 2/2
   277 | D:1      | Reached skill level 1 in Stealth
   566 | D:2      | Reached XP level 3. HP: 6/26 MP: 3/3
   745 | D:2      | You fall into a shaft and drop 1 floor!
   962 | D:2      | Reached XP level 4. HP: 25/31 MP: 4/4
  1130 | D:2      | Noticed Natasha
  1153 | D:2      | Killed Natasha
  1334 | D:3      | Reached skill level 3 in Unarmed Combat
  1371 | D:3      | Reached XP level 5. HP: 16/36 MP: 5/5
  1645 | D:3      | Found a faded altar of an unknown god.
  1898 | D:4      | Noticed a lemure
  1899 | D:4      | Noticed Pikel
  1919 | D:4      | Killed a lemure
  1964 | D:4      | Noticed a lemure
  1965 | D:4      | Noticed a lemure
  1966 | D:4      | Noticed a lemure
  2225 | D:4      | Reached XP level 6. HP: 39/42 MP: 6/6
  2320 | D:4      | Reached skill level 4 in Unarmed Combat
  2358 | D:5      | Entered Level 5 of the Dungeon
  2464 | D:5      | Identified the +0 leather armour "Kutudda" {rF++}
  2575 | D:5      | Found a hide-covered altar of Uskayaw.
  2591 | D:5      | Reached XP level 7. HP: 46/46 MP: 7/7
  2620 | D:5      | Found a shimmering altar of Xom.
  2623 | D:5      | Reached skill level 5 in Unarmed Combat
  2627 | D:5      | Found a glowing silver altar of Zin.
  2639 | D:5      | Found a radiant altar of Vehumet.
  2867 | D:5      | Reached skill level 5 in Stealth
  3691 | D:6      | Reached skill level 6 in Unarmed Combat
  3703 | D:6      | Reached XP level 8. HP: 33/54 MP: 8/8
  3784 | D:6      | Found a shadowy altar of Dithmenos.
  4334 | D:7      | Found a staircase to the Ecumenical Temple.
  4343 | Temple   | Entered the Ecumenical Temple
  4348 | Temple   | Became a worshipper of Hepliaklqana the Forgotten
  4444 | D:7      | Noticed a gargoyle
  4465 | D:7      | Reached skill level 5 in Dodging
  4465 | D:7      | Reached skill level 7 in Unarmed Combat
  4509 | D:7      | Killed a gargoyle
  4565 | D:7      | Noticed a shadow
  4582 | D:7      | Slain by a shadow

Illustrated notes

Levels and vault maps discovered:
D:1:      dpeg_arrival_simpleton_a, layout_basic, roderic_malta_cross,
          minmay_vboxes
D:2:      layout_basic, uniq_natasha
D:3:      layout_rooms, dreamdust_ecumenical_altar_drowned_temple,
          glass_columns_a
D:4:      layout_cave_pods, uniq_pikel
D:5:      layout_loops_ring, nicolae_uskayaw_murder_on_the_dancefloor,
          minmay_overflow_temple_star_quad, portal_sewer_entry_d
D:6:      layout_loops_ring, nicolae_dithmenos_the_darkroom
D:7:      layout_rooms, mainiacjoe_overflow_tiny_flanked,
          minmay_temple_entry_glassed_door, hangedman_minor_gate_pass
Temple:   minmay_freezing_vapour_temple

Skill      XL: |  1  2  3  4  5  6  7  8 |
---------------+-------------------------+-----
Stealth        | 1 2 3 4 5 6 |  6.9
Unarmed Combat | 3 4 6 7 |  7.7
Dodging        | 4 5 |  5.3
Shields        | 4 |  4.2
Fighting       | 4 |  4.1

Action                     |  1- 3 |  4- 6 |  7- 9 || total
---------------------------+-------+-------+-------++-------
  Melee: Unarmed           |    70 |   121 |   123 ||   314
         Tentacles         |    17 |    29 |    35 ||    81
         Constrict         |    19 |    25 |    21 ||    65
         Punch             |       |     4 |     5 ||     9
    Use: Scroll            |       |       |     2 ||     2
   Stab: Sleeping          |     6 |     9 |     7 ||    22
 Armour: Skin              |     2 |    14 |    23 ||    39
  Dodge: Dodged            |    24 |    47 |    77 ||   148
  Block: Buckler           |     7 |    23 |    23 ||    53

Table legend: (Time is in decaauts)
 A = Elapsed time spent in this place.
 B = Non-inter-level travel time spent in this place.
 C = Inter-level travel time spent in this place.
 D = Time resting spent in this place.
 E = Time spent auto-exploring this place.
 F = Levels seen in this place.
 G = Mean time per level.
                   A        B        C        D        E       F      G
               +--------+--------+--------+--------+--------+-----+--------+
         Total |   4569 |   4389 |    180 |    866 |   2074 |   8 |  571.1 |
       Dungeon |   4559 |   4379 |    180 |    866 |   2074 |   7 |  651.3 |
        Temple |     10 |     10 |      0 |      0 |      0 |   1 |   10.0 |
               +--------+--------+--------+--------+--------+-----+--------+

Top non-repeatable levels by time:
     D:6: 1037 daAuts
     D:5: 814 daAuts
     D:3: 749 daAuts
     D:2: 575 daAuts
     D:1: 524 daAuts
     D:4: 507 daAuts
     D:7: 350 daAuts
  Temple: 10 daAuts
